 Dungeon Crawl Stone Soup version 0.30-b1-2-g02819fbbbe (webtiles) character file.

Game seed: 8563534106610250026

20073 LLlMATKO the Fighter (level 12, -6/113 HPs)
             Began as a Minotaur Berserker on Aug 13, 2023.
             Was a High Priest of Trog.
             Mangled by a death knight
             ... wielding a +1 battleaxe of venom
              (8 damage)
             ... on level 13 of the Dungeon.
             The game lasted 00:11:55 (13145 turns).

LLlMATKO the Fighter (Minotaur Berserker)          Turns: 13145, Time: 00:11:56

Health: -6/113     AC: 24    Str: 26    XL:     12   Next: 42%
Magic:  11/11      EV: 10    Int:  4    God:    Trog [*****.]
Gold:   394        SH: 17    Dex: 11    Spells: 11/11 levels left

rFire   . . .        E - +0 broad axe
rCold   . . .        I - +2 kite shield
rNeg    . . .        r - +0 plate armour
rPois   +            (helmet restricted)
rElec   .            C - +0 cloak
rCorr   .            (no gloves)
SInv    .            U - +2 pair of boots
Will    .....        u - amulet of reflection Stlth
                     h - +4 ring of protection
HPRegen 0.38/turn    A - ring of poison resistance
MPRegen 0.12/turn

%: reflection
@: lethally poisoned (-6 -> -9), on berserk cooldown, slowed, very slow
A: horns 2, retaliatory headbutt
a: Renounce Religion, Berserk, Trog's Hand, Brothers in Arms


You were on level 13 of the Dungeon.
You worshipped Trog.
Trog was extremely pleased with you.
You visited 2 branches of the dungeon, and saw 14 of its levels.

You collected 905 gold pieces.
You spent 511 gold pieces at shops.

Inventory:

Hand Weapons
 E - a +0 broad axe (weapon)
 S - the +6 war axe of Jeuppuh {pain, rC+ Will+ Str-3}
   (You bought it in a shop on level 12 of the Dungeon)

   Str:       It affects your strength (-3).
   rC:        It protects you from cold.
   Will:      It increases your willpower.
   Trog disapproves of the use of such an item.
Missiles
 b - 23 poisoned darts (quivered)
Armour
 r - a +0 plate armour (worn)
 C - a +0 cloak (worn)
 I - a +2 kite shield (worn)
 U - a +2 pair of boots (worn)
Jewellery
 h - a +4 ring of protection (left hand)
 u - an amulet of reflection (around neck)
 A - a ring of poison resistance (right hand)
 L - the amulet of Gosy {Acrobat MP+9}
   (You found it on level 10 of the Dungeon)

   [amulet of the acrobat]

   It increases your evasion while moving and waiting.
   MP:        It affects your magic capacity (+9).
 M - a ring of protection from cold
 P - a ring of positive energy
 V - an amulet of the acrobat
Wands
 B - a wand of roots (20)
 H - a wand of quicksilver (9)
 K - a wand of mindburst (4)
 T - a wand of paralysis (7)
Scrolls
 a - a scroll of silence
 e - a scroll of torment {unknown}
 f - 5 scrolls of immolation {unknown}
 i - 2 scrolls of enchant weapon {unknown}
 j - 8 scrolls of poison {unknown}
 n - 2 scrolls of blinking {unknown}
 o - 18 scrolls of identify
 p - 6 scrolls of teleportation
 s - 2 scrolls of noise {unknown}
 t - a scroll of brand weapon {unknown}
 w - 2 scrolls of enchant armour {unknown}
 y - a scroll of vulnerability {unknown}
 z - a scroll of fear {unknown}
 D - 4 scrolls of amnesia {unknown}
 G - a scroll of summoning {unknown}
Potions
 c - 2 potions of might {unknown}
 d - a potion of resistance {unknown}
 g - 9 potions of curing
 k - 2 potions of heal wounds {unknown}
 l - a potion of experience {unknown}
 m - 2 potions of cancellation {unknown}
 q - 3 potions of flight {unknown}
 v - 2 potions of lignification {unknown}
 x - 4 potions of invisibility {unknown}
 F - a potion of haste {unknown}
 J - 2 potions of brilliance {unknown}
 N - 2 potions of degeneration {unknown}
 O - a potion of berserk rage {unknown}
 Q - 3 potions of attraction {unknown}
 R - a potion of ambrosia {unknown}


   Skills:
 + Level 12.4 Fighting
 + Level 12.4 Axes
 + Level 12.2 Armour
 + Level 11.1 Dodging
 + Level 7.4 Shields


You had 11 spell levels left.
You didn't know any spells.
Your spell library was empty.

Dungeon Overview and Level Annotations

Branches:
Dungeon (13/15)            Temple (0/1) D:7            Lair (1/5) D:10
    Orc (0/2) D:12
 Vaults: D:13-14

Altars:
Dithmenos
Elyvilon
Fedhas
Hepliaklqana
Kikubaaqudgha
Okawaru
Qazlal
Sif Muna
Uskayaw
Vehumet
Wu Jian
Zin

Shops:
D:3 *   D:7 !   D:8 [   D:12 ![((?   D:13 !


Innate Abilities, Weirdness & Mutations

You have a pair of horns on your head.
You reflexively headbutt those who attack you in melee.


Message History

You hit the skeletal warrior but do no damage. x2
You are no longer berserk.
You are exhausted.
You feel as though you will be slow longer.
You feel very sick.
You block the skeletal warrior's attack.
The death knight hits you with a +1 battleaxe of venom.
You block the skeletal warrior's attack.
You are too injured to fight recklessly!
Unknown command.
You are too injured to fight recklessly!
Unknown command.
You are too injured to fight recklessly!
You slash the death knight! Your headbutt misses the death knight.
The death knight is severely wounded.
You hit the skeletal warrior but do no damage.
You barely miss the skeletal warrior.
You feel very sick.
You block the skeletal warrior's attack. x2
The death knight hits you but does no damage.
You closely miss the death knight.
The death knight is severely wounded.
You slice the skeletal warrior!! You closely miss the skeletal warrior.
You feel very sick.
You block the skeletal warrior's attack.
The death knight calls down the wrath of Yredelemnul upon you.
Your body is wracked with pain!
* * * LOW HITPOINT WARNING * * *
The skeletal warrior hits you with a +0 war axe!!
* * * LOW HITPOINT WARNING * * *
You block the skeletal warrior's attack. x2
The death knight hits you with a +1 battleaxe of venom.
* * * LOW HITPOINT WARNING * * *
As you read the scroll of identify, it crumbles to dust.
a - a scroll of silence
* * * LOW HITPOINT WARNING * * *
You feel sick.
The skeletal warrior hits you but does no damage.
The death knight hits you with a +1 battleaxe of venom!
You die...

..... .....#
#.... #..#.#
#...# #..#.#
#...# #..#.#
#...# #..#.#
#...# ######....#
#.... ......zz..#
#.... #.....p@..#
#.... #..######.#
#.###
#.##########.# #
#............# #
######.####### #
#######.#########
.................
.................
.................


You could see a death knight and 2 skeletal warriors.

Vanquished Creatures
  Erica (D:8)
  A catoblepas (D:13)
  A boulder beetle (D:12)
  2 two-headed ogres
  Nergalle (D:11)
  A cyclops (D:11)
  A deep elf pyromancer (D:13)
  2 ugly things (D:12)
  A manticore (D:12)
  Joseph (D:8)
  Maurice (D:9)
  A guardian serpent (D:12)
  A torpor snail (Lair:1)
  Maggie (D:8)
  3 unseen horror zombies (D:9)
  A troll (D:10)
  Grinder (D:4)
  A hornet (D:8)
  A vampire (D:12)
  2 wraiths
  Sigmund (D:5)
  28 yaks
  3 shadows
  3 wyverns
  A basilisk (D:11)
  A steam dragon (D:8)
  6 vampire mosquitoes
  An acid dragon (D:12)
  5 water moccasins
  A black bear (D:4)
  4 orc warriors
  An ice beast (D:5)
  2 sky beasts
  2 ogres
  9 centaurs
  A phantom (D:4)
  Blork the orc (D:4)
  3 kobold brigands
  6 bullfrogs
  A wyvern zombie (D:9)
  A scorpion (D:6)
  3 wights (D:9)
  4 killer bees (D:8)
  2 howler monkeys (D:12)
  A lava snake (D:8)
  2 centaur zombies (D:9)
  2 hounds
  A jelly (D:4)
  9 orc priests
  4 iguanas
  Ijyb (D:5)
  Terence (D:2)
  Natasha (thrice) (D:4)
  8 orc wizards
  4 howler monkey zombies (D:9)
  11 river rats (D:6)
  6 adders
  2 shadow imps
  2 white imps (D:6)
  An ufetubus (D:4)
  A worm (D:6)
  A dart slug (D:2)
  39 orcs
  5 ball pythons
  10 endoplasms
  3 giant cockroaches
  10 goblins
  4 hobgoblins
  3 jackals (D:4)
  10 quokkas
  2 bats (D:2)
  3 frilled lizards
  19 kobolds
  22 rats
305 creatures vanquished.

Vanquished Creatures (collateral kills)
  A cyclops (D:12)
  An orc warrior (D:12)
  4 orcs (D:12)
6 creatures vanquished.

Vanquished Creatures (others)
  A fungus (Lair:1)
  A plant (D:13)
  4 withered plants (D:9)
6 creatures vanquished.

Grand Total: 317 creatures vanquished

Notes
Turn   | Place    | Note
-------+----------+-------------------------------------------
     0 | D:1      | LLlMATKO the Minotaur Berserker began the quest for the
                  | Orb.
     0 | D:1      | Reached XP level 1. HP: 19/19 MP: 0/0
   389 | D:1      | Reached XP level 2. HP: 22/27 MP: 1/1
  1028 | D:2      | Reached XP level 3. HP: 27/33 MP: 2/2
  1120 | D:2      | Noticed Terence
  1128 | D:2      | Killed Terence
  1230 | D:2      | Found a faded altar of an unknown god.
  1283 | D:2      | Reached XP level 4. HP: 40/40 MP: 3/3
  1283 | D:2      | Reached ** piety under Trog
  1735 | D:3      | Found Zin's Purification Station.
  1735 | D:3      | Found a glowing silver altar of Zin.
  2327 | D:4      | Noticed Natasha
  2338 | D:4      | Killed Natasha
  2388 | D:4      | Reached XP level 5. HP: 36/47 MP: 4/4
  2426 | D:4      | Found an ornate altar of the Wu Jian Council.
  2448 | D:4      | Noticed a phantom
  2458 | D:4      | Killed a phantom
  2459 | D:4      | Reached skill level 5 in Fighting
  2482 | D:4      | Noticed Natasha
  2586 | D:4      | Killed Natasha
  2587 | D:4      | Reached skill level 5 in Axes
  2587 | D:4      | Reached XP level 6. HP: 56/56 MP: 5/5
  2616 | D:4      | Noticed Grinder
  2631 | D:4      | Killed Grinder
  2776 | D:4      | Noticed Natasha
  2785 | D:4      | Killed Natasha
  2911 | D:4      | Reached skill level 5 in Armour
  2911 | D:4      | Reached XP level 7. HP: 55/62 MP: 6/6
  3062 | D:4      | Noticed Blork the orc
  3070 | D:4      | Killed Blork the orc
  3109 | D:4      | Reached *** piety under Trog
  3141 | D:4      | Reached skill level 5 in Dodging
  3419 | D:5      | Entered Level 5 of the Dungeon
  3672 | D:5      | Noticed Sigmund
  3680 | D:5      | Killed Sigmund
  3681 | D:5      | Reached XP level 8. HP: 71/71 MP: 7/7
  4226 | D:5      | Noticed Ijyb
  4236 | D:5      | Killed Ijyb
  4603 | D:6      | Reached **** piety under Trog
  4647 | D:6      | Reached XP level 9. HP: 65/81 MP: 8/8
  4978 | D:6      | Found a glowing drain.
  6283 | D:7      | Identified the +1 ring mail of Burning Contentment {rElec
                  | Stlth+}
  6489 | D:7      | Found Furygom's Distillery.
  6828 | D:7      | Found a staircase to the Ecumenical Temple.
  6950 | D:8      | Found a hide-covered altar of Uskayaw.
  6950 | D:8      | Found a radiant altar of Vehumet.
  6950 | D:8      | Found a blossoming altar of Fedhas.
  6950 | D:8      | Found a stormy altar of Qazlal.
  6958 | D:8      | Found a white marble altar of Elyvilon.
  6960 | D:8      | Found a hazy altar of Hepliaklqana.
  7209 | D:8      | Noticed Maggie
  7218 | D:8      | Killed Maggie
  7228 | D:8      | Found Ciuryupt's Jewellery Shoppe.
  7229 | D:8      | Noticed Joseph
  7249 | D:8      | Killed Joseph
  7445 | D:8      | Reached ***** piety under Trog
  7494 | D:8      | Noticed Erica
  7506 | D:8      | Killed Erica
  7507 | D:8      | Reached XP level 10. HP: 91/91 MP: 9/9
  7639 | D:8      | Noticed a two-headed ogre
  7646 | D:8      | Killed a two-headed ogre
  7775 | D:8      | Paralysed by a hornet for 3 turns
  7943 | D:8      | Found Gin Sura's Armour Boutique.
  7953 | D:8      | Reached skill level 10 in Fighting
  8338 | D:8      | Found a shimmering blue altar of Sif Muna.
  8338 | D:8      | Found an ancient bone altar of Kikubaaqudgha.
  8338 | D:8      | Found an iron altar of Okawaru.
  8529 | D:8      | Bought a +2 kite shield for 181 gold pieces
  8568 | D:9      | Reached skill level 10 in Axes
  8575 | D:9      | Reached skill level 1 in Shields
  8778 | D:9      | Reached skill level 10 in Armour
  9351 | D:9      | Reached XP level 11. HP: 81/101 MP: 10/10
  9537 | D:9      | Noticed Maurice
  9562 | D:9      | Killed Maurice
  9787 | D:10     | Entered Level 10 of the Dungeon
  9880 | D:10     | Found a shadowy altar of Dithmenos.
  9890 | D:10     | Found a staircase to the Lair.
  9910 | D:10     | Identified the amulet of Gosy {Acrobat MP+9}
 10220 | D:10     | Reached skill level 10 in Dodging
 10391 | D:10     | Reached skill level 5 in Shields
 10668 | Lair:1   | Entered Level 1 of the Lair of Beasts
 10841 | D:11     | Noticed Nergalle
 10859 | D:11     | Killed Nergalle
 11094 | D:11     | Noticed a two-headed ogre
 11099 | D:11     | Killed a two-headed ogre
 11640 | D:12     | Found Voili's Distillery.
 11682 | D:12     | Found Oluv's Antique Weapon Boutique.
 11722 | D:12     | Reached XP level 12. HP: 112/112 MP: 11/11
 11727 | D:12     | Found Jauntotwatt's Antique Weapon Emporium.
 11728 | D:12     | Noticed a boulder beetle
 11750 | D:12     | Killed a boulder beetle
 11799 | D:12     | Bought a smoking war axe for 238 gold pieces
 11799 | D:12     | Identified the +6 war axe of Jeuppuh {pain, rC+ Will+
                  | Str-3} (You bought it in a shop on level 12 of the Dungeon)
 11843 | D:12     | Received a gift from Trog
 12154 | D:12     | Found Ybutoduv's Antique Armour Shoppe.
 12203 | D:12     | Found a staircase to the Orcish Mines.
 12532 | D:12     | Found Junoun's Magic Scroll Shop.
 12535 | D:12     | Bought a scroll of teleportation for 30 gold pieces
 12535 | D:12     | Bought a scroll of identify for 20 gold pieces
 12932 | D:13     | Noticed a catoblepas
 12943 | D:13     | Killed a catoblepas
 13089 | D:13     | Found Neeczui's Distillery.
 13096 | D:13     | Bought a potion of curing for 42 gold pieces
 13127 | D:13     | Noticed a death knight
 13144 | D:13     | HP: 3/113 [death knight/+1 battleaxe of venom (3)]
 13145 | D:13     | Mangled by a death knight

Illustrated notes

Levels and vault maps discovered:
D:1:      grunt_arrival_lava_bath, layout_basic
D:2:      layout_basic, ebering_ecumenical_altar_mist,
          chequers_serial_rivers_room_a, uniq_terence
D:3:      layout_rooms, zin_purify, nicolae_figureground_pulse
D:4:      minmay_spotlight, layout_gridville, nzn_wu_jian_contemplation,
          uniq_blork_the_orc, uniq_grinder, uniq_natasha
D:5:      layout_gridville, uniq_ijyb, uniq_sigmund
D:6:      lemuel_ratsnest, layout_basic, portal_sewer_entry_c
D:7:      layout_cave_pods, minmay_temple_entry_fiery, serial_shops, shop
D:8:      layout_basic, minmay_overflow_temple_hex,
          gammafunk_temple_overflow_claw, serial_shops,
          nicolae_inconvenience_store, kennysheep_windowed_goal, uniq_maggie,
          uniq_joseph, uniq_erica
D:9:      layout_roguey, serial_undead, serial_undead_d, serial_undead_a,
          serial_undead_f, serial_undead_f, chequers_hall_statues_y,
          uniq_maurice
D:10:     layout_loops_cross, lemuel_doored_altar, lair_entry_dummy
D:11:     layout_loops_ring, kennysheep_generic_room_8, uniq_nergalle
D:12:     layout_long_grid, david_orc_5, serial_shops, nicolae_shop_tiny_glass,
          nicolae_square_shop, nicolae_shop_rolled_up,
          nicolae_shop_hallway_plus, shop, nrook_guardian_serpent_double
D:13:     layout_long_grid, serial_shops, shop, chequers_serial_rivers_large_b,
          minivault_5, kennysheep_boxes
Lair:1:   layout_roguey

Skill      XL: |  1  2  3  4  5  6  7  8  9 10 11 12 |
---------------+-------------------------------------+-----
Fighting       | 4 5 6 7 9 10 11 12 | 12.4
Axes           | 4 5 6 7 9 10 11 12 | 12.4
Armour         | 3 4 5 6 7 9 10 11 12 | 12.2
Dodging        | 3 4 5 6 8 9 10 11 | 11.1
Shields        | 3 6 7 |  7.4

Action                     |  1- 3 |  4- 6 |  7- 9 | 10-12 || total
---------------------------+-------+-------+-------+-------++-------
  Melee: Hand axe          |    60 |   100 |    26 |       ||   186
         Headbutt          |     8 |    15 |    46 |    88 ||   157
         Punch             |       |     2 |     1 |     1 ||     4
         War axe           |       |       |   213 |       ||   213
         Broad axe         |       |       |    27 |   381 ||   408
 Invoke: Berserk           |     1 |     2 |     5 |    12 ||    20
         Trog's Hand       |       |       |       |     1 ||     1
         Brothers in Arms  |       |       |       |     1 ||     1
    Use: Scroll            |       |       |       |     1 ||     1
 Armour: Chain mail        |    18 |    21 |       |       ||    39
         Animal skin       |     3 |       |       |       ||     3
         Plate armour      |       |    37 |   165 |   227 ||   429
  Dodge: Dodged            |    36 |    42 |    94 |   127 ||   299
  Block: Other             |       |       |    43 |     7 ||    50
         Reflection        |       |       |     5 |    13 ||    18
         Kite shield       |       |       |       |   300 ||   300
